[Event "41st Amateur D7"]
[Site "ChessGUI4"]
[Date "2013.07.10"]
[Round "28.4"]
[White "Shallow 1.0 64-bit"]
[Black "Tigran 2.3 64-bit"]
[Result "0-1"]
[BlackElo "2289"]
[ECO "B23"]
[EventDate "2013.??.??"]
[TimeControl "40/1500:40/1500:40/1500"]
[WhiteElo "2200"]

{ i5 Quad } 1.e4 c5 2.Nc3 d6 3.f4 Nc6 4.Nf3 g6 5.d4 cxd4 6.Nxd4 Bg7 7.Be3 Nf6 8.Nb3 O-O 9.Be2 Bd7
{ [%eval 5,12] [%emt 0:00:42] (e5) } 10.O-O
{ [%eval 17,14] [%emt 0:00:42] (e1g1) } 10...Qc8
{ [%eval 1,12] [%emt 0:00:42] (Be6) } 11.h3
{ [%eval 16,13] [%emt 0:00:42] (Nd4) } 11...a6
{ [%eval -25,12] [%emt 0:00:42] (Qc7) } 12.Nd5
{ [%eval 17,13] [%emt 0:00:42] (g4) } 12...Nxe4
{ [%eval 25,12] [%emt 0:00:42] (Nxd5) } 13.Nb6
{ [%eval 53,13] [%emt 0:00:42] (Nb6) } 13...Qc7
{ [%eval 13,13] [%emt 0:00:43] (Qc7) } 14.Nxa8
{ [%eval 53, 14] [%emt 0:00:42] (Nxa8) } 14...Rxa8
{ [%eval 6,13] [%emt 0:00:43] (Rxa8) } 15.c3
{ [%eval 51,13] [%emt 0:00:42] (c3) } 15...Ng3
{ [%eval 16,12] [%emt 0:00:43] (Ng3) } 16.Re1
{ [%eval 51,13] [%emt 0:00:42] (Re1) } 16...Nxe2+
{ [%eval 2,12] [%emt 0:00:43] (e5) } 17.Qxe2
{ [%eval 54,14] [%emt 0:00:42] (Qxe2) } 17...Rc8
{ [%eval -8,12] [%emt 0:00:43] (Be6) } 18.a3
{ [%eval 55,13] [%emt 0:00:42] (Rad1) } 18...e6
{ [%eval -4,12] [%emt 0:00:43] (Be6) } 19.Qf2
{ [%eval 63,14] [%emt 0:00:42] (Qf2) } 19...Ne7
{ [%eval -10,13] [%emt 0:00:35] (Re8) } 20.Bb6
{ [%eval 60,14] [%emt 0:00:42] (Bd4) } 20...Qb8
{ [%eval -8,14] [%emt 0:00:44] (Qb8) } 21.Bd4
{ [%eval 55,14] [%emt 0: 00:42] (Ba7) } 21...e5
{ [%eval -10,14] [%emt 0:00:44] (e5) } 22.Ba7
{ [%eval 56,14] [%emt 0:00:42] (fxe5) } 22...Qa8
{ [%eval -10,14] [%emt 0:00:44] (Qa8) } 23.fxe5
{ [%eval 54,13] [%emt 0:00:42] (fxe5) } 23...dxe5
{ [%eval -15,13] [%emt 0:00:45] (dxe5) } 24.Bb6
{ [%eval 52,12] [%emt 0:00:42] (Bc5) } 24...Nd5
{ [%eval -21,13] [%emt 0:00: 36] (Re8) } 25.Rad1
{ [%eval 60,14] [%emt 0:00:42] (Rad1) } 25...Nxb6
{ [%eval -35,14] [%emt 0:00:46] (Nxb6) } 26.Qxb6
{ [%eval 60,13] [%emt 0:00:42] (Qxb6) } 26...Rc6
{ [%eval -44,14] [%emt 0:00:42] (Rc6) } 27.Qa5
{ [%eval 63,13] [%emt 0:00:42] (Qf2) } 27...Qa7+
{ [%eval -30,13] [%emt 0:00:47] (Qc8) } 28.Kh1
{ [%eval 73,13] [%emt 0:00:42] (Kh1) } 28...b6
{ [%eval -48,15] [%emt 0:00:47] (b6) } 29.Qd5
{ [%eval 70,14] [%emt 0:00:42] (Qd5) } 29...Rc7
{ [%eval -59,15] [%emt 0:00:41] (Rc7) } 30.Rf1
{ [%eval 63,13] [%emt 0:00:42] (Rxe5) } 30...Bc6
{ [%eval 0,14] [%emt 0:00:48] (Bc6) } 31.Qd8+
{ [%eval 60,13] [%emt 0:00:42] (Qd8) } 31...Bf8
{ [%eval 0,14] [%emt 0:00:42] (Bf8) } 32.Qg5
{ [%eval 54,13] [%emt 0:00:42] (Nd2) } 32...Qb7
{ [%eval 18,12] [%emt 0: 00:43] (Qb7) } 33.Rd2
{ [%eval 55,12] [%emt 0:00:42] (Rde1) } 33...Rd7
{ [%eval 17,13] [%emt 0:00:51] (Rd7) } 34.Rfd1
{ [%eval 53,13] [%emt 0:00:42] (Re1) } 34...Rxd2
{ [%eval 40,13] [%emt 0:00:53] (f5) } 35.Rxd2
{ [%eval 50,14] [%emt 0:00:42] (Rxd2) } 35...Qe7
{ [%eval 43,14] [%emt 0:00:53] (Qe7) } 36.Qg4
{ [%eval 48,13] [%emt 0:00:42] (Qg4) } 36...Qc7
{ [%eval 45,14] [%emt 0:00:54] (Qc7) } 37.Qh4
{ [%eval 48,13] [%emt 0:00:42] (Qh4) } 37...Bd6
{ [%eval 32,13] [%emt 0:00:55] (Bd6) } 38.Qg3
{ [%eval 49,13] [%emt 0:00:42] (Qg3) } 38...a5
{ [%eval 22,13] [%emt 0:00:57] (b5) } 39.Qd3
{ [%eval 50,13] [%emt 0:00:42] (Na1) } 39...Be7
{ [%eval 39,14] [%emt 0:00:49] (Be7) } 40.Qg3
{ [%eval 48,13] [%emt 0:00:42] (Re2) } 40...Bf8
{ [%eval 33,13] [%emt 0: 01:15] (Bd6) } 41.Qh4
{ [%eval 47,12] [%emt 0:00:37] (Re2) } 41...a4
{ [%eval 60,13] [%emt 0:00:28] (Be7) } 42.Nc1
{ [%eval 43,14] [%emt 0:00:37] (Nc1) } 42...Qc8
{ [%eval 55,12] [%emt 0:00:34] (e4) } 43.Nd3
{ [%eval 48,12] [%emt 0:00:37] (Nd3) } 43...Qd7
{ [%eval 49,12] [%emt 0:00:34] (Qd7) } 44.Rd1
{ [%eval 43,13] [%emt 0:00:37] (Rd1) } 44...Be7
{ [%eval 42,12] [%emt 0:00:34] (b5) } 45.Qg3
{ [%eval 47,14] [%emt 0: 00:37] (Qg3) } 45...h5
{ [%eval 35,12] [%emt 0:00:34] (b5) } 46.Re1
{ [%eval 64,13] [%emt 0:00:37] (Kg1) } 46...h4
{ [%eval 47,13] [%emt 0:00:34] (Bh4) } 47.Qe3
{ [%eval 73,12] [%emt 0:00:37] (Qe3) } 47...f6
{ [%eval 29,13] [%emt 0:00:34] (Bd6) } 48.Re2
{ [%eval 61,13] [%emt 0:00:37] (Nf2) } 48...g5
{ [%eval 50,12] [%emt 0:00:34] (b5) } 49.Rd2
{ [%eval 58,13] [%emt 0:00:37] (Nf2) } 49...Qf5
{ [%eval 54,13] [%emt 0:00:35] (Qf5) } 50.Kh2
{ [%eval 58,12] [%emt 0:00:37] (Nf2) } 50...e4
{ [%eval 61,13] [%emt 0: 00:35] (b5) } 51.Nb4
{ [%eval 34,13] [%emt 0:00:37] (Nb4) } 51...Bb7
{ [%eval 70,13] [%emt 0:00:35] (Bd6) } 52.Kh1
{ [%eval 52,12] [%emt 0:00:37] (Kh1) } 52...Bc5
{ [%eval 80,14] [%emt 0:00:35] (Bc5) } 53.Rd8+
{ [%eval 38,13] [%emt 0:00:37] (Rd8) } 53...Kg7
{ [%eval 85,15] [%emt 0:00:35] (Kg7) } 54.Qe2
{ [%eval 33,13] [%emt 0: 00:37] (Qe2) } 54...e3
{ [%eval 85,13] [%emt 0:00:35] (e3) } 55.Kg1
{ [%eval 4,12] [%emt 0:00:37] (Kg1) } 55...g4
{ [%eval 132,14] [%emt 0:00:35] (g4) } 56.Nd3
{ [%eval 0,12] [%emt 0:00:37] (Nd3) } 56...Ba6
{ [%eval 183,13] [%emt 0:00:35] (gxh3) } 57.c4
{ [%eval -122,13] [%emt 0:01:20] (Kh2) } 57...Bxc4
{ [%eval 320,14] [%emt 0:00:36] (Bxc4) } 58.Kh1
{ [%eval -216,12] [%emt 0:00:36] (Kh2) } 58...gxh3
{ [%eval 662,13] [%emt 0:00:31] (gxh3) } 59.b3
{ [%eval -509,11] [%emt 0:00:36] (Kh2) } 59...axb3
{ [%eval 1161,13] [%emt 0:00:36] (axb3) } 60.a4
{ [%eval -1029,10] [%emt 0:00:36] (a4) } 60...b2
{ [%eval 1256,12] [%emt 0:00:36] (b2) } 61.Qxb2
{ [%eval -1447,10] [%emt 0:00:36] (Qxb2) } 61...Bxd3
{ [%eval 2717,12] [%emt 0:00:36] (Qf1) } 62.Qa2
{ [%eval 30819,9] [%emt 0:00:12] (Rxd3) } 0-1

[Event "41st Amateur D7"]
[Site "ChessGUI4"]
[Date "2013.07.10"]
[Round "28.5"]
[White "ChessKiss 1.7 64-bit"]
[Black "FireFly 2.6.0 64-bit"]
[Result "0-1"]
[BlackElo "2258"]
[ECO "E62"]
[EventDate "2013.??.??"]
[TimeControl "40/1500:40/1500:40/1500"]
[WhiteElo "2214"]

{ i5 Quad } 1.d4 Nf6 2.c4 g6 3.g3 Bg7 4.Bg2 O-O 5.Nc3 d6 6.Nf3 Nc6 7.O-O e5 8.d5 Ne7 9.e4 Bg4
{ [%eval -37,12] [%emt 0:00:57] (h6) } 10.h3
{ [%eval 51,13] [%emt 0:00:41] (Qb3) } 10...Bd7
{ [%eval -36,12] [%emt 0:00:56] (Bd7) } 11.c5
{ [%eval 59,12] [%emt 0:00:40] (Qb3) } 11...Qc8
{ [%eval -28,11] [%emt 0:00:55] (Be8) } 12.Kh2
{ [%eval 93,11] [%emt 0:00:39] (Qb3) } 12...dxc5
{ [%eval 8,11] [%emt 0:00:55] (Qe8) } 13.Bg5
{ [%eval 56,11] [%emt 0:00:38] (Be3) } 13...Re8
{ [%eval 6,11] [%emt 0:00:54] (h6) } 14.Qc1
{ [%eval 82,11] [%emt 0:00:37] (Nxe5) } 14...Nh5
{ [%eval -10,12] [%emt 0:00:53] (Nh5) } 15.Bh6
{ [%eval 63,12] [%emt 0:00:34] (g4) } 15...f6
{ [%eval 11,11] [%emt 0:00:52] (f6) } 16.Bxg7
{ [%eval 52,12] [%emt 0:00:35] (Re1) } 16...Nxg7
{ [%eval 17,11] [%emt 0:00:52] (Nxg7) } 17.Qe3
{ [%eval 57,11] [%emt 0:00:33] (Qe3) } 17...b6
{ [%eval 9,11] [%emt 0:00:51] (b6) } 18.Rad1
{ [%eval 44,11] [%emt 0:00:33] (Rfd1) } 18...Qa6
{ [%eval 26,11] [%emt 0:00:50] (Kh8) } 19.Rg1
{ [%eval 46,11] [%emt 0:00:32] (Nd2) } 19...c4
{ [%eval 47,11] [%emt 0: 00:49] (Red8) } 20.d6
{ [%eval 57,12] [%emt 0:00:31] (Rge1) } 20...cxd6
{ [%eval 40,11] [%emt 0:00:48] (cxd6) } 21.Rxd6
{ [%eval 46,13] [%emt 0:00:28] (Rxd6) } 21...Be6
{ [%eval 42,11] [%emt 0:00:39] (Be6) } 22.Rgd1
{ [%eval 39,11] [%emt 0:00:24] (Qd2) } 22...Qa5
{ [%eval 44,11] [%emt 0:00:39] (Qb7) } 23.Kh1
{ [%eval 50,10] [%emt 0: 00:28] (Qd2) } 23...b5
{ [%eval 58,10] [%emt 0:00:38] (Qb4) } 24.a3
{ [%eval 28,11] [%emt 0:00:27] (Qc5) } 24...b4
{ [%eval 75,11] [%emt 0:00:38] (Rac8) } 25.axb4
{ [%eval 34,12] [%emt 0:00:27] (axb4) } 25...Qxb4
{ [%eval 71,11] [%emt 0:00:38] (Qxb4) } 26.Qc1
{ [%eval 12,12] [%emt 0:00:25] (Ra6) } 26...a5
{ [%eval 79,11] [%emt 0:00:37] (Rab8) } 27.Kg1
{ [%eval 13,10] [%emt 0:00:26] (Nh2) } 27...a4
{ [%eval 61,11] [%emt 0: 00:37] (a4) } 28.Nb1
{ [%eval -21,11] [%emt 0:00:29] (Ne1) } 28...Rec8
{ [%eval 105,11] [%emt 0:00:36] (a3) } 29.R6d2
{ [%eval -42,11] [%emt 0:00:26] (Qc3) } 29...Ne8
{ [%eval 106,10] [%emt 0:00:36] (a3) } 30.Kh2
{ [%eval -39,10] [%emt 0:00:23] (Rc2) } 30...c3
{ [%eval 160,12] [%emt 0:00:35] (a3) } 31.bxc3
{ [%eval -135,12] [%emt 0:00:24] (bxc3) } 31...Qc5
{ [%eval 154,12] [%emt 0:00:35] (Qc5) } 32.c4
{ [%eval -147, 11] [%emt 0:00:22] (Qa3) } 32...Qxc4
{ [%eval 170,11] [%emt 0:00:34] (Bxc4) } 33.Qa3
{ [%eval -181,13] [%emt 0:00:22] (Qa3) } 33...Qc5
{ [%eval 170,12] [%emt 0:00:34] (Qc5) } 34.Qxc5
{ [%eval -196,12] [%emt 0:00:22] (Rd3) } 34...Rxc5
{ [%eval 176,12] [%emt 0: 00:33] (Rxc5) } 35.Na3
{ [%eval -206,12] [%emt 0:00:20] (Na3) } 35...Rc3
{ [%eval 174, 12] [%emt 0:00:26] (Rb8) } 36.Ra1
{ [%eval -220,13] [%emt 0:00:19] (Rd8) } 36...Nc6
{ [%eval 180,11] [%emt 0:00:26] (Rb8) } 37.Nb5
{ [%eval -222,11] [%emt 0:00:19] (Kg1) } 37...Rb3
{ [%eval 187,11] [%emt 0:00:26] (Rb3) } 38.Na3
{ [%eval -249,12] [%emt 0:00:18] (Na3) } 38...Na5
{ [%eval 191,11] [%emt 0:00:26] (g5) } 39.Rdd1
{ [%eval -231,11] [%emt 0:00:18] (Rc2) } 39...Rb2
{ [%eval 194,12] [%emt 0:00:26] (g5) } 40.Ne1
{ [%eval -262,12] [%emt 0:00:18] (Rd2) } 40...Rxf2
{ [%eval 279,12] [%emt 0:00: 26] (Rxf2) } 41.Nd3
{ [%eval -312,13] [%emt 0:00:59] (Nd3) } 41...Re2
{ [%eval 318,13] [%emt 0:00:35] (Re2) } 42.Nc5
{ [%eval -347,14] [%emt 0:00:57] (Nc5) } 42...Bf7
{ [%eval 315,13] [%emt 0:00:35] (Bf7) } 43.Re1
{ [%eval -375,15] [%emt 0:00:58] (Re1) } 43...Rxe1
{ [%eval 320,14] [%emt 0:00:35] (Rxe1) } 44.Rxe1
{ [%eval -401,16] [%emt 0:00:54] (Rxe1) } 44...Nb3
{ [%eval 346,13] [%emt 0:00:35] (Nd6) } 45.Nd7
{ [%eval -414,16] [%emt 0:00:52] (Nd3) } 45...Kg7
{ [%eval 323,13] [%emt 0:00:35] (Ra7) } 46.Kh1
{ [%eval -424,14] [%emt 0:00:51] (Nb6) } 46...Ra6
{ [%eval 356,12] [%emt 0:00: 22] (Be6) } 47.Bf1
{ [%eval -465,16] [%emt 0:00:54] (Bf1) } 47...Ra7
{ [%eval 377,13] [%emt 0:00:22] (Ra7) } 48.Rd1
{ [%eval -492,15] [%emt 0:00:49] (Rd1) } 48...Nd4
{ [%eval 380,13] [%emt 0:00:22] (Nd4) } 49.Nb6
{ [%eval -512,15] [%emt 0:00:47] (Nb6) } 49...Nd6
{ [%eval 386,12] [%emt 0:00:23] (Nd6) } 50.Bd3
{ [%eval -540,14] [%emt 0:00:46] (Bd3) } 50...Rb7
{ [%eval 434,12] [%emt 0:00:23] (f5) } 51.Rb1
{ [%eval -574,14] [%emt 0:00:44] (Nbc4) } 51...Rc7
{ [%eval 491,12] [%emt 0:00:23] (Rc7) } 52.Nxa4
{ [%eval -602,15] [%emt 0:00:44] (Nd5) } 52...Ra7
{ [%eval 519,13] [%emt 0: 00:23] (Ra7) } 53.Rb4
{ [%eval -636,14] [%emt 0:00:42] (Rb4) } 53...Be8
{ [%eval 516, 13] [%emt 0:00:24] (Be8) } 54.Nc4
{ [%eval -703,15] [%emt 0:00:36] (Nc4) } 54...Nxc4
{ [%eval 536,13] [%emt 0:00:24] (Nxc4) } 0-1

[Event "41st Amateur D7"]
[Site "ChessGUI4"]
[Date "2013.07.10"]
[Round "29.1"]
[White "Carballo 0.8"]
[Black "Gibbon 2.57a 64-bit"]
[Result "1-0"]
[BlackElo "2251"]
[ECO "B23"]
[EventDate "2013.??.??"]
[TimeControl "40/1500:40/1500:40/1500"]
[WhiteElo "2273"]

{ i5 Quad } 1.e4 c5 2.Nc3 d6 3.g3 Nc6 4.Bg2 g6 5.f4 Bg7 6.Nf3 e6 7.Ne2 Nge7 8.O-O O-O 9.c3 d5
{ [%eval 21,13] [%emt 0: 01:08] (f5) } 10.d3
{ [%eval -11,13] [%emt 0:00:36] (e5) } 10...b6
{ [%eval 16,12] [%emt 0:00:47] (dxe4) } 11.Qc2
{ [%eval 0,13] [%emt 0:00:35] (Qc2) } 11...Ba6
{ [%eval 19,12] [%emt 0:00:29] (a5) } 12.Rd1
{ [%eval -3,14] [%emt 0:00:34] (Rd1) } 12...Qd7
{ [%eval 23,12] [%emt 0:00:27] (Qc7) } 13.a3
{ [%eval -4,11] [%emt 0:00:33] (Qa4) } 13...Rad8
{ [%eval 40,12] [%emt 0:00:41] (Rac8) } 14.e5
{ [%eval -14,13] [%emt 0:00:32] (e5) } 14...Nf5
{ [%eval 33,12] [%emt 0:00:25] (f6) } 15.g4
{ [%eval 35,14] [%emt 0:00:32] (b4) } 15...Nh6
{ [%eval 34,13] [%emt 0:00:31] (Nfe7) } 16.h3
{ [%eval 50,13] [%emt 0:00:31] (h3) } 16...Rfe8
{ [%eval 32,12] [%emt 0:00:58] (c4) } 17.b4
{ [%eval 67,12] [%emt 0:00:30] (Be3) } 17...c4
{ [%eval 39,12] [%emt 0:00:26] (Rc8) } 18.d4
{ [%eval 95,14] [%emt 0:00:29] (dxc4) } 18...Rb8
{ [%eval 0,12] [%emt 0:00:34] (Kh8) } 19.f5
{ [%eval 135,14] [%emt 0:00:29] (Ng3) } 19...Bb7
{ [%eval -5,12] [%emt 0:00: 26] (Bb7) } 20.f6
{ [%eval 143,15] [%emt 0:00:28] (f6) } 20...Bf8
{ [%eval -15,14] [%emt 0:00:22] (Bf8) } 21.Be3
{ [%eval 146,14] [%emt 0:00:27] (Ng3) } 21...Kh8
{ [%eval -16,14] [%emt 0:00:30] (Kh8) } 22.Qd2
{ [%eval 150,13] [%emt 0:00:26] (a4) } 22...Ng8
{ [%eval -39,14] [%emt 0:00:25] (Ng8) } 23.a4
{ [%eval 150,13] [%emt 0: 00:26] (h4) } 23...a6
{ [%eval -21,13] [%emt 0:00:33] (h6) } 24.Qe1
{ [%eval 147,14] [%emt 0:00:25] (Nf4) } 24...Rbd8
{ [%eval -24,13] [%emt 0:00:20] (Bh6) } 25.Qh4
{ [%eval 170,13] [%emt 0:00:24] (Qh4) } 25...a5
{ [%eval -42,14] [%emt 0:00:54] (b5) } 26.b5
{ [%eval 200,15] [%emt 0:00:24] (Ng5) } 26...Na7
{ [%eval -156,15] [%emt 0:00: 14] (Na7) } 27.Ng5
{ [%eval 204,16] [%emt 0:00:23] (Ng5) } 27...Bh6
{ [%eval -229,14] [%emt 0:00:17] (h6) } 28.Nxf7+
{ [%eval 257,15] [%emt 0:00:23] (Nxf7) } 28...Qxf7
{ [%eval -229,12] [%emt 0:00:00] (Qxf7) } 29.Bxh6
{ [%eval 260,16] [%emt 0:00:22] (Bxh6) } 29...Nxh6
{ [%eval -244,16] [%emt 0:00:28] (Nxh6) } 30.Qxh6
{ [%eval 260,15] [%emt 0:00:21] (Qxh6) } 30...Qf8
{ [%eval -253,16] [%emt 0:00:58] (Rg8) } 31.Qg5
{ [%eval 268,16] [%emt 0:00:21] (Qxf8) } 31...Kg8
{ [%eval -227,14] [%emt 0:00:19] (Nc8) } 32.h4
{ [%eval 293,16] [%emt 0:00:20] (Nf4) } 32...Kh8
{ [%eval -245,15] [%emt 0:00: 17] (Kh8) } 33.h5
{ [%eval 293,16] [%emt 0:00:20] (Nf4) } 33...gxh5
{ [%eval -277,15] [%emt 0:00:21] (gxh5) } 34.Qxh5
{ [%eval 293,15] [%emt 0:00:19] (Qxh5) } 34...Rd7
{ [%eval -278,15] [%emt 0:00:24] (Rd7) } 35.Nf4
{ [%eval 307,14] [%emt 0:00:19] (Nf4) } 35...Qf7
{ [%eval -313,15] [%emt 0:00:18] (Qf7) } 36.Qh4
{ [%eval 306,12] [%emt 0:00:18] (Qh6) } 36...Rc7
{ [%eval -252,12] [%emt 0:00:10] (Kg8) } 37.Rf1
{ [%eval 328,13] [%emt 0:00:18] (Qh6) } 37...Rf8
{ [%eval -354,12] [%emt 0:00:12] (Rcc8) } 38.Nh3
{ [%eval 413,14] [%emt 0:00:17] (Qh6) } 38...Qe8
{ [%eval -381,14] [%emt 0: 00:17] (Bc8) } 39.Ng5
{ [%eval 444,15] [%emt 0:00:17] (Ng5) } 39...Rcf7
{ [%eval -402, 15] [%emt 0:00:19] (Nc8) } 40.Rf3
{ [%eval 463,15] [%emt 0:00:17] (Nxf7) } 40...Kg8
{ [%eval -385,14] [%emt 0:00:08] (Rg8) } 41.Rh3
{ [%eval 553,16] [%emt 0:00:54] (Nxf7) } 41...Qd7
{ [%eval -973,15] [%emt 0:01:37] (Qd7) } 42.Kh2
{ [%eval 499,16] [%emt 0:00:52] (13) } 42...Ba8
{ [%eval -519,14] [%emt 0:01:10] (Rc8) } 43.Rh1
{ [%eval 722,15] [%emt 0:00:51] (Nxf7) } 43...Nxb5
{ [%eval -1049,13] [%emt 0:00:30] (Nxb5) } 44.axb5
{ [%eval 1016,15] [%emt 0:00:50] (Kg3) } 44...Rc8
{ [%eval -1381,13] [%emt 0:00:53] (Rb8) } 1-0

[Event "41st Amateur D7"]
[Site "ChessGUI4"]
[Date "2013.07.10"]
[Round "29.2"]
[White "Waxman 2011"]
[Black "Butcher 1.64 64-bit"]
[Result "1/2-1/2"]
[BlackElo "2355"]
[ECO "E54"]
[EventDate "2013.??.??"]
[TimeControl "40/1500:40/1500:40/1500"]
[WhiteElo "2256"]

{ i5 Quad } 1.d4 Nf6 2.c4 e6 3.Nc3 Bb4 4.e3 O-O 5.Bd3 c5 6.Nf3 d5 7.O-O cxd4 8.exd4 dxc4 9.Bxc4 Nc6 { [%eval 26,11] [%emt 0:01:06] (Nc6) } 10.a3
{ [%eval 19,12] [%emt 0:00:45] (a3) } 10...Be7
{ [%eval 19,11] [%emt 0:00:54] (Be7) } 11.Bf4
{ [%eval 23,12] [%emt 0:01:07] (Bd3) } 11...Bd7
{ [%eval 28,11] [%emt 0:00:59] (Bd7) } 12.Re1
{ [%eval 27,12] [%emt 0:00:59] (Rc1) } 12...Rc8
{ [%eval 25,11] [%emt 0:00:59] (Rc8) } 13.Qd3
{ [%eval 32,12] [%emt 0:00: 53] (Bd3) } 13...Nh5
{ [%eval 20,10] [%emt 0:00:56] (Qb6) } 14.Be3
{ [%eval 45,12] [%emt 0:00:48] (Bd2) } 14...Nf6
{ [%eval 15,10] [%emt 0:01:03] (Nf6) } 15.Rac1
{ [%eval 37,12] [%emt 0:01:26] (Ne5) } 15...a6
{ [%eval 27,10] [%emt 0:01:03] (Qc7) } 16.d5
{ [%eval 40,12] [%emt 0:00:42] (d5) } 16...exd5
{ [%eval 26,11] [%emt 0:00:55] (b5) } 17.Nxd5
{ [%eval 50,12] [%emt 0:00:44] (Nxd5) } 17...Nxd5
{ [%eval 36,10] [%emt 0:01: 01] (Nxd5) } 18.Qxd5
{ [%eval 34,12] [%emt 0:00:40] (Qxd5) } 18...Be6
{ [%eval 31,11] [%emt 0:00:59] (Be6) } 19.Qe4
{ [%eval 41,12] [%emt 0:00:38] (Qxd8) } 19...Bxc4
{ [%eval 24,11] [%emt 0:00:59] (Bxc4) } 20.Qxc4
{ [%eval 25,12] [%emt 0:00:44] (Red1) } 20...Bf6
{ [%eval -1,11] [%emt 0:00:57] (Ne5) } 21.Qb3
{ [%eval 20,12] [%emt 0:00:38] (Qe2) } 21...b5
{ [%eval 0,11] [%emt 0:00:48] (b5) } 22.a4
{ [%eval 15,12] [%emt 0:00:35] (a4) } 22...Na5
{ [%eval 0,12] [%emt 0:00:47] (Na5) } 23.Qb4
{ [%eval 17,13] [%emt 0:00:54] (Qb4) } 23...Nc6
{ [%eval 0,12] [%emt 0:00:47] (Rc4) } 24.Qb3
{ [%eval 0,12] [%emt 0:00:40] (Qb3) } 24...Na5 25.Qb4 { [%eval 0,14] [%emt 0:00:39] (Qb4) }
25...Nc6 26.Qb3
{ [%eval 0,14] [%emt 0:01:07] (Qb3) } 1/2-1/2

[Event "41st Amateur D7"]
[Site "ChessGUI4"]
[Date "2013.07.10"]
[Round "29.4"]
[White "MadChess 1.2"]
[Black "FireFly 2.6.0 64-bit"]
[Result "1-0"]
[BlackElo "2258"]
[ECO "D12"]
[EventDate "2013.??.??"]
[TimeControl "40/1500:40/1500:40/1500"]
[WhiteElo "2200"]

{ i5 Quad } 1.d4 d5 2.c4 c6 3.Nf3 Nf6 4.e3 Bf5 5.Nc3 e6 6.Nh4 Bg6 7.Nxg6 hxg6 8.g3 Nbd7 9.cxd5 exd5 { [%eval -4,11] [%emt 0:00:57] (exd5) } 10.Bd3
{ [%eval 37,11] [%emt 0:00:59] (Bg2) } 10...Qe7
{ [%eval -4,11] [%emt 0:00:56] (Bd6) } 11.Bd2
{ [%eval 25,10] [%emt 0:00:54] (Bd2) } 11...Qe6
{ [%eval -8,10] [%emt 0:00:55] (Qe6) } 12.Qe2
{ [%eval 18,10] [%emt 0:01: 06] (h4) } 12...O-O-O
{ [%eval 4,11] [%emt 0:00:55] (Bd6) } 13.O-O
{ [%eval 19,10] [%emt 0:00:35] (O-O) } 13...Ba3
{ [%eval 38,10] [%emt 0:00:54] (Nb6) } 14.bxa3
{ [%eval 278,11] [%emt 0:00:33] (Nb5) } 14...Rxh2
{ [%eval -156,11] [%emt 0:01:21] (Nb6) } 15.Kxh2
{ [%eval 231,12] [%emt 0:01:00] (Kxh2) } 15...Rh8+
{ [%eval -149,11] [%emt 0:00:42] (Rh8) } 16.Kg1
{ [%eval 252,14] [%emt 0:00:25] (Kg1) } 16...Qh3
{ [%eval -168, 11] [%emt 0:00:42] (Qh3) } 17.f3
{ [%eval 265,16] [%emt 0:00:43] (f3) } 17...Qh1+
{ [%eval -176,11] [%emt 0:00:42] (Qh1) } 18.Kf2
{ [%eval 265,16] [%emt 0:00:00] (Kf2) } 18...Rh2+ 19.Ke1
{ [%eval 265,16] [%emt 0: 00:00] (Ke1) } 19...Rxe2+ 20.Nxe2
{ [%eval 256,12] [%emt 0:00:22] (Nxe2) } 20...Qg2
{ [%eval -186,12] [%emt 0:00:41] (Qh3) } 21.Rc1
{ [%eval 268,11] [%emt 0:00:26] (Bb4) } 21...Kb8
{ [%eval -187,11] [%emt 0:00:40] (c5) } 22.Bb4
{ [%eval 312,11] [%emt 0:00:22] (e4) } 22...Ne8
{ [%eval -203,11] [%emt 0:00: 40] (Kc8) } 23.a4
{ [%eval 298,12] [%emt 0:01:04] (Kd2) } 23...Ka8
{ [%eval -242,12] [%emt 0:00:40] (Ndf6) } 24.Rf2
{ [%eval 340,11] [%emt 0:00:36] (a5) } 24...Qh1+
{ [%eval -232,13] [%emt 0:00:39] (Qh3) } 25.Kd2
{ [%eval 342,13] [%emt 0:00:40] (Kd2) } 25...Qh3
{ [%eval -256,13] [%emt 0:00:39] (Qh3) } 26.a5
{ [%eval 329,12] [%emt 0:00:33] (Rff1) } 26...Nb8
{ [%eval -247,13] [%emt 0:00:38] (a6) } 27.Rff1
{ [%eval 345,12] [%emt 0:01:20] (Rff1) } 27...Nf6
{ [%eval -251,12] [%emt 0:00:38] (Nf6) } 28.Rh1
{ [%eval 369,11] [%emt 0:00:24] (Rh1) } 28...Qc8
{ [%eval -261,12] [%emt 0:00:37] (Qg2) } 29.Nc3
{ [%eval 368,12] [%emt 0:00:35] (Be7) } 29...Qd8
{ [%eval -261,12] [%emt 0:00:37] (Qe8) } 30.Rh3
{ [%eval 364,12] [%emt 0:00:47] (Rh3) } 30...Qc8
{ [%eval -272,12] [%emt 0:00:36] (Nbd7) } 31.g4
{ [%eval 379,12] [%emt 0:00:43] (Rch1) } 31...Qd8
{ [%eval -298,12] [%emt 0:00:36] (Qd8) } 32.Rch1
{ [%eval 423,13] [%emt 0:01:12] (Rch1) } 32...Nfd7
{ [%eval -342,12] [%emt 0:00:35] (Qc7) } 33.Rh8
{ [%eval 415,12] [%emt 0:00:27] (f4) } 33...Qf6
{ [%eval -364,12] [%emt 0:00:35] (Qf6) } 34.Ke2
{ [%eval 454,11] [%emt 0:00:34] (Be2) } 34...Qe6
{ [%eval -378,12] [%emt 0:00: 34] (b6) } 35.R1h7
{ [%eval 456,12] [%emt 0:00:37] (R1h7) } 35...f5
{ [%eval -446,12] [%emt 0:00:33] (c5) } 36.gxf5
{ [%eval 580,13] [%emt 0:00:50] (Rxg7) } 36...gxf5
{ [%eval -472,13] [%emt 0:00:35] (gxf5) } 37.Rxg7
{ [%eval 575,13] [%emt 0:00:40] (Rxg7) } 37...f4
{ [%eval -608,13] [%emt 0:00:25] (f4) } 38.Nd1
{ [%eval 622,15] [%emt 0:01:53] (Nd1) } 38...a6
{ [%eval -760,13] [%emt 0:00:25] (Qf6) } 39.Rg6
{ [%eval 774, 15] [%emt 0:01:08] (Rg6) } 39...Nf6
{ [%eval -830,13] [%emt 0:00:25] (Qf7) } 40.Rd8
{ [%eval 826,14] [%emt 0:00:48] (Rf8) } 40...c5
{ [%eval -990,13] [%emt 0:00:48] (Qh3) } 1-0